 Dungeon Crawl Stone Soup version 0.31.0-11-ge490571c62 (webtiles) character file.

Game seed: 1661437017363779351

235 qw the Shooter (level 5, -6/26 HPs)
             Began as a Spriggan Hunter on Feb 4, 2024.
             Killed by nerve-wracking pain
             ... invoked by an orc priest
              (9 damage)
             ... on level 4 of the Dungeon.
             The game lasted 00:00:09 (2324 turns).

qw the Shooter (Spriggan Hunter)                    Turns: 2324, Time: 00:00:10

Health: -6/26      AC:  2    Str:  7    XL:     5   Next: 76%
Magic:  6/6        EV: 26    Int: 10    God:
Gold:   196        SH:  0    Dex: 21    Spells: 4/4 levels left

rFire   . . .        a - +0 shortbow
rCold   . . .        (shield currently unavailable)
rNeg    . . .        c - +0 robe
rPois   .            (helmet restricted)
rElec   .            (no cloak)
rCorr   .            (gloves unavailable)
SInv    +            (boots unavailable)
Will    .....        (no amulet)
Stlth   ++           e - +5 ring of evasion
HPRegen 0.24/turn    (no ring)
MPRegen 0.10/turn

%: no passive effects
@: very quick
A: very small, no large weapons, unfitting armour, see invisible, speed 3
a: no special abilities


You were on level 4 of the Dungeon.
You visited 1 branch of the dungeon, and saw 4 of its levels.

You collected 196 gold pieces.


Innate Abilities, Weirdness & Mutations

You are very small and have problems with some larger weapons.
You are too small for most types of armour.
You have supernaturally acute eyesight. (SInv)
You cover ground extremely quickly. (Speed+++)


   Skills:
 - Level 2.0 Fighting
 + Level 5.8 Ranged Weapons
 - Level 5.5 Dodging
 - Level 1.5 Stealth


You had 4 spell levels left.
You didn't know any spells.
Your spell library was empty.

Inventory:

Hand Weapons
 a - a +0 shortbow (weapon)
Armour
 c - a +0 robe (worn)
Jewellery
 e - a +5 ring of evasion (left hand)
Wands
 b - a wand of roots (3)
Scrolls
 d - a scroll of noise {unknown}
 g - a scroll of identify
Potions
 f - 2 potions of curing

Dungeon Overview and Level Annotations

Branches:
Dungeon (4/15)
 Temple: D:4-7

Altars:
Hepliaklqana
Kikubaaqudgha
Uskayaw
Wu Jian
Yredelemnul
Zin


Message History

The orc priest invokes the aid of Beogh against you.
Beogh smites you!
You shoot an arrow. The ball python hisses angrily.
The arrow hits the orc priest.
The orc priest is heavily wounded.
You shoot an arrow. The arrow hits the orc priest!
You kill the orc priest!
You shoot an arrow. The arrow hits the ball python!
You kill the ball python!
You start resting.
An orc priest comes into view. It is wielding a +0 trident.
You shoot an arrow. The arrow barely misses the orc priest.
The orc priest shouts!
An orc priest comes into view. It is wielding a +0 mace.
You shoot an arrow. The orc priest shouts!
The arrow hits the orc priest!
The orc priest is heavily wounded.
You shoot an arrow. The arrow hits the orc priest.
The orc priest is severely wounded.
You shoot an arrow. The arrow barely misses the orc priest.
You hear a shout!
The orc priest mumbles some strange prayers to Beogh against you.
Beogh smites you!
You shoot an arrow. The arrow hits the orc priest.
The orc priest is severely wounded.
The orc priest miscasts a cantrip.
An orc priest comes into view. It is wielding a +0 short sword.
The orc priest hits you but does no damage.
You shoot an arrow.
The arrow closely misses the orc priest.
The orc priest miscasts a cantrip.
You shoot an arrow. The arrow hits the orc priest.
The orc priest is almost dead.
The orc priest invokes the aid of Beogh against you.
Beogh smites you!
The orc priest calls down the wrath of Beogh upon you.
Pain shoots through your body!
You die...

###.##..## #.........
####.#.#)....
#.....>......
#.##.#..... .
#.##.#... ...
#....#.#.....
#...o@..%...#
#.##.###..... ##.##o#
#....# #....o###..# #
#..##).....#
##..##.....# #
#...#...)..# .##
#..##...##)########..#
#...+..<.............#


You could see 3 orc priests.

Vanquished Creatures
  A bombardier beetle (D:2)
  An orc priest (D:4)
  An orc wizard (D:3)
  5 adders
  5 dart slugs
  2 ribbon worms
  9 orcs
  7 ball pythons
  4 bats
  6 endoplasms
  3 giant cockroaches
  5 hobgoblins
  2 jackals (D:1)
  9 quokkas
  5 frilled lizards
  3 goblins
  3 kobolds
  5 rats
76 creatures vanquished.

Notes
Turn   | Place    | Note
-------+----------+-------------------------------------------
     0 | D:1      | qw the Spriggan Hunter began the quest for the Orb.
     0 | D:1      | Reached XP level 1. HP: 10/10 MP: 2/2
     0 | D:1      | 0 ||| qw: Version: 0.3-a-160-g6735b56
     0 | D:1      | 0 ||| qw: Game counter: 5116
     0 | D:1      | 0 ||| qw: Melee chars always use a shield: true
     0 | D:1      | 0 ||| qw: God list: Okawaru
     0 | D:1      | 0 ||| qw: Allow faded altars: false
     0 | D:1      | 0 ||| qw: Do Orc after clearing Dungeon:15 true
     0 | D:1      | 0 ||| qw: Do second Lair branch before Depths: true
     0 | D:1      | 0 ||| qw: Lair rune preference: random
     0 | D:1      | 0 ||| qw: Goals: Normal
     0 | D:1      | 0 ||| PLANNING D:1-11
    23 | D:1      | Reached skill level 3 in Dodging
   125 | D:1      | Reached XP level 2. HP: 14/14 MP: 3/3
   403 | D:1      | Reached XP level 3. HP: 18/18 MP: 4/4
   511 | D:1      | 511 ||| READING 3 scrolls labelled HEBLOE JALUOPLO.
   511 | D:1      | 511 ||| IDENTIFYING scroll labelled KOTEIPT JINN
   512 | D:1      | 512 ||| READING 2 scrolls of identify.
   512 | D:1      | 512 ||| IDENTIFYING scroll labelled GIMOAZAMMA
   513 | D:1      | 513 ||| DROPPING scroll of butterflies.
   514 | D:1      | 514 ||| DROPPING scroll of poison.
   717 | D:2      | HP: 4/18 [adder (2)]
   718 | D:2      | 718 ||| READING scroll of teleportation.
   972 | D:2      | Reached XP level 4. HP: 17/22 MP: 5/5
  1532 | D:2      | 1532 ||| UPGRADING to +5 ring of evasion.
  1533 | D:2      | 1533 ||| READING 3 scrolls of identify.
  1533 | D:2      | 1533 ||| IDENTIFYING viscous amethyst potion
  1534 | D:2      | 1534 ||| READING 2 scrolls of identify.
  1534 | D:2      | 1534 ||| IDENTIFYING scroll labelled SEOJEPR UXITZAM
  1535 | D:2      | 1535 ||| READING scroll of identify.
  1535 | D:2      | 1535 ||| IDENTIFYING scroll labelled NUEPUUSKES
  1536 | D:2      | 1536 ||| DROPPING scroll of silence.
  1537 | D:2      | 1537 ||| DROPPING scroll of blinking.
  1579 | D:3      | 1579 ||| STAIRDANCE
  1591 | D:3      | Found an ornate altar of the Wu Jian Council.
  1597 | D:3      | Found a basalt altar of Yredelemnul.
  1610 | D:3      | Reached XP level 5. HP: 25/25 MP: 6/6
  1651 | D:3      | Noticed a +0 falchion
  1653 | D:3      | Noticed a +0 dagger
  1661 | D:3      | Found a hide-covered altar of Uskayaw.
  1661 | D:3      | Noticed a +0 short sword
  1663 | D:3      | Noticed a +0 spear
  1663 | D:3      | Noticed a +0 short sword
  1664 | D:3      | Noticed a +0 dagger
  1666 | D:3      | Noticed a +0 falchion
  1666 | D:3      | Noticed a +0 spear
  1894 | D:3      | Found an ancient bone altar of Kikubaaqudgha.
  2101 | D:3      | Found a glowing silver altar of Zin.
  2219 | D:3      | Found a faded altar of an unknown god.
  2219 | D:3      | Found a faded altar of an unknown god.
  2219 | D:3      | Found a hazy altar of Hepliaklqana.
  2241 | D:3      | 2241 ||| READING scroll of identify.
  2241 | D:3      | 2241 ||| IDENTIFYING scroll labelled BATIHE QI FAE
  2242 | D:3      | 2242 ||| READING scroll labelled MUAROO LAEDIET.
  2243 | D:3      | 2243 ||| READING scroll labelled RYKLAYBBAT.
  2243 | D:3      | 2243 ||| ENCHANTING +0 shortbow.
  2244 | D:3      | 2244 ||| DROPPING scroll of revelation.
  2324 | D:4      | HP: 3/26 [orc priest/divine providence (9)]
  2324 | D:4      | Killed from afar by an orc priest

Levels and vault maps discovered:
D:1:      denvon_arrival_planthouse, layout_rooms
D:2:      layout_basic
D:3:      layout_loops_ring, zin_statuary, mainiacjoe_overflow_brackets,
          mainiacjoe_overflow_catwalk, nicolae_hepliaklqana_ecumenical_no_more,
          mainiacjoe_overflow_tiny_flanked, nicolae_uskayaw_en_pointe
D:4:      layout_basic

Skill      XL: |  1  2  3  4  5 |
---------------+----------------+-----
Dodging        | 3 4 5 |  5.5
Ranged Weapons | 5 |  5.8
Fighting       | 2 |  2.0
Stealth        | |  1.5

Action                     |  1- 3 |  4- 6 || total
---------------------------+-------+-------++-------
   Fire: Shortbow          |   118 |   124 ||   242
    Use: Scroll            |     3 |     6 ||     9
 Armour: Robe              |    15 |    13 ||    28
  Dodge: Dodged            |    42 |    51 ||    93

Table legend:
 A = Non-vault XP
 B = Vault XP
 C = Vault XP percentage of total XP
 D = Non-vault monster count
 E = Vault monster count
 F = Vault count percentage of total count
                 A         B        C        D         E       F
            +---------+---------+-------+---------+---------+-------
      Total |     337 |       0 |   0.0 |      76 |       0 |   0.0
            +---------+---------+-------+---------+---------+-------
        D:1 |      46 |       0 |   0.0 |      26 |       0 |   0.0
        D:2 |     145 |       0 |   0.0 |      23 |       0 |   0.0
        D:3 |      89 |       0 |   0.0 |      20 |       0 |   0.0
        D:4 |      57 |       0 |   0.0 |       7 |       0 |   0.0
            +---------+---------+-------+---------+---------+-------
